[Event "Titled Tuesday Blitz October 5 2021"]
[White "Swicarz, Maciej"]
[Black "Mujumdar, Sameer"]
[WhiteFideId "1113585"]
[BlackFideId "2029707"]
[WhiteElo "2130"]
[BlackElo "2104"]
[Result "0-1"]
[Round "07"]
[TimeControl "180+1"]
[Date "2021.10.05"]
[WhiteClock "0:01:14"]
[BlackClock "0:01:27"]

1. c4 Nf6 2. Nc3 g6 3. e4 d6 4. d4 Bg7 5. Nge2 O-O 6. Ng3 e5 7. d5 c6 8. Be2 cxd5 9. cxd5 a6 10. a4 Nbd7 11. h4 h5 12. Bg5 Qb6 13. Qd2 Nc5 14. a5 Qb4 15. O-O Nb3 16. Qc2 Nxa1 17. Rxa1 Bd7 18. Be3 Rac8 19. Qd2 Ng4 20. Bxg4 hxg4 21. h5 f5 22. h6 Bf6 23. exf5 gxf5 24. Bg5 f4 25. Bxf6 Rxf6 26. Nge4 Rxh6 27. Qd3 Bf5 28. Qe2 Qc4 29. Qe1 Rc7 30. Nxd6 Rch7 0-1


[Site "https://www.chess.com"]

[Event "Titled Tuesday Blitz October 5 2021"]
[White "Sychev, Klementy"]
[Black "Sadykov, Ramil"]
[WhiteFideId "4114060"]
[BlackFideId "24113590"]
[WhiteElo "2615"]
[BlackElo "2300"]
[Result "0-1"]
[Round "07"]
[TimeControl "180+1"]
[Date "2021.10.05"]
[WhiteClock "0:00:01"]
[BlackClock "0:00:07"]

1. Nf3 Nf6 2. c4 e6 3. g3 d5 4. Bg2 Be7 5. O-O O-O 6. b3 c5 7. Bb2 Nc6 8. e3 b6 9. Nc3 Bb7 10. cxd5 Nxd5 11. Nxd5 Qxd5 12. Ne5 Qd6 13. Nc4 Qd8 14. f4 Bf6 15. Bxf6 Qxf6 16. Nd6 Qe7 17. Nxb7 Qxb7 18. b4 cxb4 19. Rc1 Rac8 20. Qf3 Qa6 21. Rxc6 Qxa2 22. Rxc8 Rxc8 23. Qb7 Rf8 24. d4 b3 25. Qe4 b2 26. f5 Rc8 27. f6 g6 28. h4 Qa3 29. g4 Rc1 30. g5 h5 31. gxh6 Rxf1+ 0-1


[Site "https://www.chess.com"]

[Event "Titled Tuesday Blitz October 5 2021"]
[White "Sydoryka, Vladyslav"]
[Black "Vifleemskaia, Svetlana"]
[WhiteFideId "14145928"]
[BlackFideId "4129490"]
[WhiteElo "2282"]
[BlackElo "1945"]
[Result "1-0"]
[Round "07"]
[TimeControl "180+1"]
[Date "2021.10.05"]
[WhiteClock "0:00:11"]
[BlackClock "0:00:12"]

1. c4 c5 2. g3 Nf6 3. Bg2 d5 4. cxd5 Nxd5 5. Nc3 Nc7 6. Qa4+ Bd7 7. Qb3 Bc6 8. Bxc6+ Nxc6 9. Qxb7 Nd4 10. Qe4 f5 11. Qb1 e6 12. e3 Nc6 13. d3 Ne5 14. Ke2 Be7 15. b3 O-O 16. Bb2 Bf6 17. f4 Nc6 18. Nf3 Nd5 19. Na4 Qa5 20. Bxf6 Nxf6 21. Qc2 Nd7 22. Rac1 Rac8 23. Kf2 e5 24. Ng5 Nb4 25. Qc4+ Kh8 26. Rhd1 h6 27. Nf7+ Kh7 28. Nxe5 Nxe5 29. fxe5 Qc7 30. a3 Nc6 31. Qxc5 Qxe5 32. Qxe5 Nxe5 33. Ke2 Rfe8 34. d4 Rxc1 35. Rxc1 Ng4 36. Rc3 Nxh2 37. Nc5 Ng4 38. d5 Nf6 39. d6 Rd8 40. Rd3 Kg8 41. b4 Kf7 42. b5 Ne4 43. Nxe4 fxe4 44. Rd4 Ke6 45. Rxe4+ Kxd6 46. Rd4+ Kc7 47. Rxd8 Kxd8 48. Kf3 Kc7 49. a4 Kb6 50. e4 Ka5 51. e5 Kb6 52. Kf4 Kc7 53. Kf5 Kd7 54. Kg6 Ke6 55. Kxg7 h5 56. Kh6 Kxe5 57. Kxh5 Kd5 58. g4 Kc5 59. g5 Kb4 60. g6 Kxa4 61. g7 Kxb5 62. g8=Q a5 63. Qa2 a4 64. Kg4 Kb4 65. Kf4 a3 66. Ke4 Ka4 67. Kd4 Kb4 68. Qc4+ Ka5 69. Qb3 1-0


[Site "https://www.chess.com"]

[Event "Titled Tuesday Blitz October 5 2021"]
[White "Taboas Rodriguez, Daniel"]
[Black "Sokolin, Leonid"]
[WhiteFideId "2208466"]
[BlackFideId "2009161"]
[WhiteElo "2429"]
[BlackElo "2394"]
[Result "1-0"]
[Round "07"]
[TimeControl "180+1"]
[Date "2021.10.05"]
[WhiteClock "0:02:13"]
[BlackClock "0:00:11"]

1. d4 Nf6 2. Nf3 e6 3. c4 d5 4. Bg5 dxc4 5. Nc3 a6 6. a4 Nc6 7. e3 Na5 8. Ne5 c5 9. Nxc4 cxd4 10. exd4 Nxc4 11. Bxc4 Qa5 12. Bxf6 gxf6 13. O-O Rg8 14. Re1 Qg5 15. g3 Bd7 16. Ne4 Qg6 17. Qb3 Rc8 18. d5 e5 19. d6 f5 20. Ng5 Qxg5 21. Bxf7+ Kd8 22. Bxg8 e4 23. Be6 1-0


[Site "https://www.chess.com"]

[Event "Titled Tuesday Blitz October 5 2021"]
[White "Timmermans, Mark"]
[Black "Khoroshev, Nikita"]
[WhiteFideId "1026399"]
[BlackFideId "14200287"]
[WhiteElo "2460"]
[BlackElo "2376"]
[Result "1/2-1/2"]
[Round "07"]
[TimeControl "180+1"]
[Date "2021.10.05"]
[WhiteClock "0:00:20"]
[BlackClock "0:00:05"]

1. b4 a5 2. b5 h5 3. Bb2 c6 4. c4 h4 5. h3 d5 6. e3 e6 7. a4 Nf6 8. Nf3 Be7 9. Be2 Nbd7 10. O-O dxc4 11. Bxc4 Nb6 12. Be2 cxb5 13. axb5 a4 14. Bd4 a3 15. Qb3 e5 16. Bxb6 Qxb6 17. Nxa3 Be6 18. Nc4 Rxa1 19. Rxa1 O-O 20. Nxb6 Bxb3 21. Nxe5 Ne4 22. d4 Nc3 23. Bf1 Be6 24. Ned7 Rd8 25. Nc5 Bf5 26. Nxb7 Rb8 27. Ra8 Rxa8 28. Nxa8 Be4 29. Na5 Bxa8 30. b6 Bd5 31. f3 f5 32. b7 Bd6 33. Bd3 g6 34. Bc4 Kf7 35. Kf2 Bg3+ 36. Kf1 Ke8 37. f4 Bxb7 38. Nxb7 Ne4 39. Bd3 Nf2 40. Bc2 Ke7 41. d5 Kd7 42. d6 Kc6 43. Nd8+ Kxd6 44. Nf7+ Ke6 45. Ne5 g5 46. Nf3 gxf4 47. exf4 Ne4 48. Nd4+ Kf6 49. Ne2 Nd2+ 50. Kg1 Be1 51. Nd4 Ne4 52. Kf1 Bg3 53. Ke2 Bxf4 54. Kf3 Be5 55. Nxf5 Kxf5 56. Bxe4+ Kg5 57. Bd3 Bg3 58. Ke4 Bf4 59. Be2 Bg3 60. Bf3 Bf4 61. g4 Bg3 62. Be2 Bf4 63. Kf3 Bg3 64. Bd3 Bf4 65. Be2 Bg3 66. Bd3 Bf4 67. Be2 1/2-1/2


[Site "https://www.chess.com"]

[Event "Titled Tuesday Blitz October 5 2021"]
[White "Timofeev, Artyom"]
[Black "Visakh N R"]
[WhiteFideId "4140419"]
[BlackFideId "25012223"]
[WhiteElo "2591"]
[BlackElo "2454"]
[Result "1-0"]
[Round "07"]
[TimeControl "180+1"]
[Date "2021.10.05"]
[WhiteClock "0:00:06"]
[BlackClock "0:00:02"]

1. c4 Nf6 2. Nf3 e6 3. b3 d5 4. Bb2 Be7 5. e3 O-O 6. Be2 c5 7. O-O Nc6 8. cxd5 Nxd5 9. Nc3 Bf6 10. Qc1 Nde7 11. Rd1 b6 12. a3 Bb7 13. Qc2 Rc8 14. Qd3 Qc7 15. Rac1 Rfd8 16. Qb1 Qb8 17. h3 h6 18. Ba1 Qa8 19. b4 cxb4 20. axb4 Ne5 21. Nxe5 Bxe5 22. Bf1 Nf5 23. Nb5 Bxa1 24. Qxa1 a5 25. Rxc8 Rxc8 26. bxa5 Qxa5 27. Qb2 Qa4 28. Rc1 Rxc1 29. Qxc1 Ba6 30. Qc6 Bxb5 31. Bxb5 Qd1+ 32. Bf1 Qxd2 33. Qe8+ Kh7 34. Qxf7 Qd5 35. Qe8 Nd6 36. Qa4 Ne4 37. Qc2 Kh8 38. Bc4 Qe5 39. Qa2 Nc5 40. Qb1 Qc3 41. Be2 Qd2 42. Bf1 Qd6 43. h4 Nd7 44. g3 Nf6 45. Be2 Qd2 46. Kf1 Qd5 47. Kg1 Qd2 48. Bf3 Qd6 49. Kg2 Nd5 50. Qb3 Nf6 51. Qc4 e5 52. Bb7 g5 53. hxg5 hxg5 54. Qf7 Ng8 55. Be4 Nf6 56. Bf3 g4 57. Bb7 Ng8 58. Qh5+ Nh6 59. Be4 Kg7 60. Qg5+ Kf7 61. Qh5+ Kg7 62. Qh1 Ng8 63. Qh7+ Kf8 64. Qf5+ Nf6 65. Bb7 Ke7 66. Qg5 Qe6 67. Qh6 Kd6 68. Qf8+ Kc7 69. Ba8 Nd7 70. Qb4 Nc5 71. Qd2 Kb8 72. Bd5 Qd6 73. Qa2 Kc7 74. Qc4 Kd8 75. Ba8 Qd7 76. Qg8+ Qe8 77. Qxg4 Kc7 78. Bd5 b5 79. Qb4 Kb6 80. g4 Qd7 81. Bf3 Na6 82. Qe4 Nc5 83. Qxe5 b4 84. Qd4 Qxd4 85. exd4 Ne6 86. Be4 Nxd4 87. f4 Kc7 88. Kg3 b3 89. g5 Ne2+ 90. Kg4 Nc3 91. Bd3 Kd6 92. f5 Ke7 93. f6+ Kf7 94. Bc4+ Kg6 95. Bxb3 Nb5 96. Bc2+ Kf7 97. Bd3 Nd4 98. Kh5 Ke6 99. Bc4+ Kd7 100. Kh6 Nf5+ 101. Kh7 1-0


[Site "https://www.chess.com"]

[Event "Titled Tuesday Blitz October 5 2021"]
[White "Tologon tegin, Semetei"]
[Black "Rodchenkov, Vitaly"]
[WhiteFideId "13800574"]
[BlackFideId "4152964"]
[WhiteElo "2224"]
[BlackElo "2337"]
[Result "0-1"]
[Round "07"]
[TimeControl "180+1"]
[Date "2021.10.05"]
[WhiteClock "0:01:21"]
[BlackClock "0:01:22"]

1. d4 Nf6 2. c4 e6 3. Nc3 Bb4 4. e3 c5 5. Ne2 O-O 6. a3 Bxc3+ 7. Nxc3 cxd4 8. exd4 d5 9. c5 Nc6 10. Bf4 Re8 11. Bb5 Bd7 12. O-O h6 13. Re1 a6 14. Bf1 b6 15. Bd6 bxc5 16. dxc5 d4 17. Na4 e5 18. Nb6 Ra7 19. b4 e4 20. Nxd7 Qxd7 21. Bc4 d3 22. Rb1 Ne5 23. Bd5 Nxd5 24. Rxe4 Qf5 25. Rxe5 Rxe5 26. Bxe5 Qxe5 27. Qxd3 Re7 28. Qxa6 Nc3 29. Rf1 Ne2+ 30. Kh1 Qe4 31. c6 Nf4 32. f3 Qc2 33. Rg1 Re1 34. Qa7 Qxg2# 0-1


[Site "https://www.chess.com"]

[Event "Titled Tuesday Blitz October 5 2021"]
[White "Tristan, Leonardo"]
[Black "Reprintsev, Alexander"]
[WhiteFideId "113816"]
[BlackFideId "14100541"]
[WhiteElo "2404"]
[BlackElo "2126"]
[Result "1-0"]
[Round "07"]
[TimeControl "180+1"]
[Date "2021.10.05"]
[WhiteClock "0:00:30"]
[BlackClock "0:00:29"]

1. d4 d5 2. Nf3 Nc6 3. Bf4 Bg4 4. e3 e6 5. c4 Nf6 6. Nc3 Bd6 7. Bg5 dxc4 8. Bxc4 h6 9. Bh4 O-O 10. O-O e5 11. d5 Na5 12. Be2 g5 13. Nxg5 Bxe2 14. Qxe2 hxg5 15. Bxg5 Be7 16. Bxf6 Bxf6 17. b4 e4 18. Rac1 Bxc3 19. Rxc3 Qxd5 20. Qg4+ Kh7 21. Rc5 Qxc5 22. Qxe4+ f5 23. Qh4+ Kg6 24. bxc5 Nc6 25. Qg3+ Kf6 26. Qxc7 Rf7 27. Qg3 Rd8 28. Qh4+ Kg6 29. h3 Rd5 30. Rc1 Rfd7 31. g4 fxg4 32. hxg4 Ne5 33. Qh5+ Kg7 34. Qh3 Kg6 35. Kg2 Rh7 36. Qg3 Rf7 37. e4 Nd3 38. exd5 Nxc1 39. Qc3 Nxa2 40. Qc2+ Kg5 41. Qxa2 Kxg4 42. d6 Rg7 43. d7 Kf5+ 44. Kf3 Rxd7 45. Qc2+ Ke6 46. Qe4+ Kf7 47. Kf4 a6 48. Kf5 Re7 49. Qd5+ Ke8 50. Kf6 Rh7 51. Qe4+ 1-0


[Site "https://www.chess.com"]

[Event "Titled Tuesday Blitz October 5 2021"]
[White "Vokhidov, Shamsiddin"]
[Black "Madaminov, Mukhiddin"]
[WhiteFideId "14204223"]
[BlackFideId "14210703"]
[WhiteElo "2616"]
[BlackElo "1855"]
[Result "1-0"]
[Round "07"]
[TimeControl "180+1"]
[Date "2021.10.05"]
[WhiteClock "0:00:34"]
[BlackClock "0:00:01"]

1. e4 e5 2. Nf3 Nc6 3. Bb5 a6 4. Ba4 Nf6 5. O-O Nxe4 6. d4 b5 7. Bb3 d5 8. dxe5 Be6 9. Nbd2 Be7 10. c3 O-O 11. Bc2 f5 12. Nb3 Qd7 13. Nfd4 Nxd4 14. Nxd4 c5 15. Nxe6 Qxe6 16. f3 Ng5 17. a4 g6 18. Qe2 c4 19. axb5 axb5 20. Rxa8 Rxa8 21. Be3 Qxe5 22. f4 Qe6 23. fxg5 Bc5 24. Re1 Re8 25. Kf2 Qb6 26. Qf3 Bxe3+ 27. Kf1 Qc5 28. b4 cxb3 29. Bxb3 Re4 30. g3 Kg7 31. Bxd5 Re5 32. Bb3 Qxc3 33. Qb7+ Kh8 34. Qb8+ 1-0


[Site "https://www.chess.com"]

[Event "Titled Tuesday Blitz October 5 2021"]
[White "Vovk, Orest"]
[Black "Cunha, Lucas Aguiar"]
[WhiteFideId "14113490"]
[BlackFideId "2125404"]
[WhiteElo "2203"]
[BlackElo "2361"]
[Result "1-0"]
[Round "07"]
[TimeControl "180+1"]
[Date "2021.10.05"]
[WhiteClock "0:00:33"]
[BlackClock "0:00:23"]

1. h3 d5 2. e4 dxe4 3. Nc3 Bf5 4. Qe2 c6 5. Nxe4 e6 6. Nf3 Nd7 7. d4 Qc7 8. g4 Bg6 9. Bg2 Be7 10. O-O h5 11. g5 h4 12. c4 O-O-O 13. b3 f5 14. Nc3 Bf7 15. Ne5 Nxe5 16. dxe5 Bb4 17. Na4 Kb8 18. f4 c5 19. Be3 Be8 20. a3 Bxa4 21. axb4 Bc6 22. Bxc5 b6 23. Bd6 Rxd6 24. exd6 Qxd6 25. Rfd1 Qc7 26. Bxc6 Qxc6 27. Qe5+ Kb7 28. Rd8 Qc7 29. Rxa7+ 1-0


[Site "https://www.chess.com"]

[Event "Titled Tuesday Blitz October 5 2021"]
[White "Vusatiuk, Vladimir"]
[Black "Aradhya, Garg"]
[WhiteFideId "14118610"]
[BlackFideId "25006746"]
[WhiteElo "2167"]
[BlackElo "2146"]
[Result "0-1"]
[Round "07"]
[TimeControl "180+1"]
[Date "2021.10.05"]
[WhiteClock "0:01:02"]
[BlackClock "0:02:00"]

1. d4 d5 2. c4 c6 3. Nf3 Nf6 4. e3 Bf5 5. Nc3 e6 6. Nh4 Bg6 7. Nxg6 hxg6 8. Bd2 Nbd7 9. Bd3 Bd6 10. h3 g5 11. e4 dxe4 12. Nxe4 Nxe4 13. Bxe4 Bf4 14. Bb4 Qb6 15. Ba3 O-O-O 16. g3 Nf6 17. Bc5 Qxb2 18. Rb1 Qc3+ 19. Kf1 Nxe4 20. Qf3 Qxf3 0-1


[Site "https://www.chess.com"]

[Event "Titled Tuesday Blitz October 5 2021"]
[White "Warmerdam, Max"]
[Black "Yakubboev, Nodirbek"]
[WhiteFideId "1048104"]
[BlackFideId "14203987"]
[WhiteElo "2537"]
[BlackElo "2464"]
[Result "1-0"]
[Round "07"]
[TimeControl "180+1"]
[Date "2021.10.05"]
[WhiteClock "0:01:58"]
[BlackClock "0:00:19"]

1. e4 c6 2. d4 d5 3. e5 Bf5 4. Nd2 e6 5. Nb3 Nd7 6. Nf3 h6 7. Be2 Ne7 8. O-O Qc7 9. Bd2 a5 10. a4 g5 11. Rc1 Bg7 12. Qe1 Ng6 13. Bxa5 b6 14. Bb4 c5 15. dxc5 bxc5 16. Nxc5 Nxc5 17. Bb5+ Kd8 18. c4 Nd3 19. Qd2 Nxc1 20. Rxc1 Nxe5 21. cxd5 Nxf3+ 22. gxf3 Qf4 23. dxe6+ Qxd2 24. e7# 1-0


[Site "https://www.chess.com"]

[Event "Titled Tuesday Blitz October 5 2021"]
[White "Yeritsyan, Hayk"]
[Black "Baskin, Robert"]
[WhiteFideId "13307320"]
[BlackFideId "24662402"]
[WhiteElo "2407"]
[BlackElo "2521"]
[Result "1-0"]
[Round "07"]
[TimeControl "180+1"]
[Date "2021.10.05"]
[WhiteClock "0:00:14"]
[BlackClock "0:00:01"]

1. d4 Nf6 2. c4 e6 3. Nc3 Bb4 4. e3 b6 5. Ne2 c5 6. d5 b5 7. a3 Ba5 8. b4 cxb4 9. Nxb5 bxa3+ 10. Bd2 Ne4 11. Nec3 Nxd2 12. Qxd2 O-O 13. Bd3 Ba6 14. O-O Bxb5 15. cxb5 Bb4 16. Qc2 Qf6 17. Ne4 Qb2 18. Qc4 a5 19. Rfb1 Qe5 20. dxe6 dxe6 21. f4 Qd5 22. Qxd5 exd5 23. Ng5 h6 24. Nf3 Nd7 25. Nd4 Nc5 26. Be2 Rfe8 27. Nc2 Re4 28. Bf3 Rc4 29. Nxa3 Bxa3 30. Rxa3 Rd8 31. Rxa5 d4 32. exd4 Rcxd4 33. b6 Nd7 34. b7 Nb8 35. Ra8 Rxf4 36. Rc1 Rfd4 37. Rc8 Kf8 38. Raxb8 1-0


[Site "https://www.chess.com"]

[Event "Titled Tuesday Blitz October 5 2021"]
[White "Zhigalko, Sergei"]
[Black "Arabidze, Meri"]
[WhiteFideId "13502956"]
[BlackFideId "13604040"]
[WhiteElo "2662"]
[BlackElo "2432"]
[Result "1-0"]
[Round "07"]
[TimeControl "180+1"]
[Date "2021.10.05"]
[WhiteClock "0:00:04"]
[BlackClock "0:00:03"]

1. e4 c5 2. Nf3 e6 3. c3 d5 4. e5 Bd7 5. d4 Qb6 6. Be2 Bb5 7. Bxb5+ Qxb5 8. a4 Qb6 9. dxc5 Bxc5 10. b4 Be7 11. a5 Qc7 12. O-O Nh6 13. Bxh6 gxh6 14. Re1 a6 15. Qd2 Nc6 16. Qxh6 O-O-O 17. Na3 Na7 18. Nd4 Kb8 19. Re3 Rhg8 20. f4 Rc8 21. Rae1 Nc6 22. Nac2 Rg4 23. g3 Rcg8 24. Qxh7 R8g7 25. Qh8+ Rg8 26. Qh7 R8g7 27. Qh6 R7g6 28. Nxc6+ Qxc6 29. Qh8+ Rg8 30. Qh7 R8g7 31. Qd3 Rxf4 32. Nd4 Qc7 33. Rf3 Rfg4 34. Kg2 R4g5 35. Qe3 Rh7 36. Re2 Rgh5 37. Kg1 Qc4 38. Qd3 Qc8 39. Ref2 Qh8 40. h4 Bxh4 41. gxh4 Rxh4 42. Kf1 Re4 43. Rg3 Rh1+ 44. Rg1 Rg4 45. Rxh1 Qxh1+ 46. Ke2 Re4+ 47. Qe3 Rxe3+ 48. Kxe3 Qc1+ 49. Kd3 Qd1+ 50. Ke3 Qe1+ 51. Ne2 Ka7 52. Rxf7 Qb1 53. Rf4 Qb2 54. Kd3 Qb1+ 55. Ke3 Qd1 56. Rd4 Qf1 57. Rf4 Qd1 58. Rf6 Qc2 59. Rxe6 Qe4+ 60. Kd2 Kb8 61. Re8+ Kc7 62. Re7+ Kc8 63. Re8+ Kd7 64. Rb8 Kc7 65. Rf8 Qxe5 66. Rf7+ Kb8 67. Rf4 Ka7 68. Rd4 Qf5 69. Nf4 Qg4 70. Nxd5 Qg2+ 71. Kc1 Qf1+ 72. Kb2 Qf2+ 73. Kb3 Qg2 74. Nb6 Qf1 75. Kc2 Qe2+ 76. Rd2 Qe4+ 77. Kb2 Qf4 78. Rc2 Qe4 79. Nd7 Qd5 80. Nc5 Qc4 81. Nb3 b6 82. Rd2 bxa5 83. Nxa5 Qf4 84. Re2 Qg4 85. Rf2 Ka8 86. Rd2 Qh4 87. Nb3 Ka7 88. Rd7+ Kb8 89. Rd4 Qh2+ 90. Rd2 Qg3 91. Nc5 Qe3 92. Rd8+ Kc7 93. Rd4 a5 94. bxa5 Kc6 95. Nd3 Qe2+ 96. Kb3 Kb5 97. Rd5+ Kc6 98. Nb4+ Kc7 99. a6 Qf1 100. Kb2 Qe2+ 101. Kb3 Qf1 102. Kc2 Qe2+ 103. Rd2 Qe4+ 104. Kb2 Qh1 105. Re2 Qf1 106. Rh2 Qg1 107. Rh7+ Kb6 108. Rb7+ Ka5 109. a7 Qg8 110. Rb8 Qg2+ 111. Nc2 1-0


[Site "https://www.chess.com"]

[Event "Titled Tuesday Blitz October 5 2021"]
[White "adjorno"]
[Black "Koellner, Ruben Gideon"]
[BlackFideId "12993093"]
[WhiteElo "2431"]
[BlackElo "2551"]
[Result "0-1"]
[Round "07"]
[TimeControl "180+1"]
[Date "2021.10.05"]
[WhiteClock "0:00:50"]
[BlackClock "0:00:07"]

1. d4 d6 2. Nf3 Nf6 3. Bf4 g6 4. h3 Bg7 5. e3 O-O 6. Be2 Nc6 7. O-O Nd7 8. Bh2 e5 9. c3 h6 10. a4 f5 11. a5 a6 12. b4 g5 13. Qb3+ Kh8 14. b5 axb5 15. Qxb5 f4 16. Nfd2 Nf6 17. Bf3 Bd7 18. Qxb7 Ra7 19. Qb3 Nxa5 20. Qc2 Nc6 21. Rxa7 Nxa7 22. Ne4 Bf5 23. dxe5 dxe5 24. Nbd2 Nxe4 25. Bxe4 Bxe4 26. Nxe4 Nb5 27. Rd1 Qe7 28. exf4 exf4 29. Kh1 Re8 30. f3 Rd8 31. Rxd8+ Qxd8 32. Bg1 Qd5 33. h4 gxh4 34. Qa4 Nxc3 35. Qe8+ Qg8 36. Qe7 Nd5 37. Qxh4 Qe6 38. Bc5 Qe5 39. Qd8+ Kh7 40. Nf2 Ne3 41. Qd3+ Kg8 42. Qa3 Nf1 43. Ng4 Ng3+ 44. Kg1 Qe1+ 45. Kh2 Qh1# 0-1


[Site "https://www.chess.com"]

[Event "Titled Tuesday Blitz October 5 2021"]
[White "Aggelis, Nikolaos"]
[Black "Estrada Nieto, Julian"]
[WhiteFideId "4213220"]
[BlackFideId "5101018"]
[WhiteElo "2154"]
[BlackElo "2270"]
[Result "1-0"]
[Round "08"]
[TimeControl "180+1"]
[Date "2021.10.05"]
[WhiteClock "0:00:55"]
[BlackClock "0:00:01"]

1. d4 d5 2. g3 Nf6 3. Nf3 c6 4. c4 dxc4 5. Bg2 Bf5 6. Ne5 Nbd7 7. Nxc4 e6 8. O-O Be7 9. b3 O-O 10. Bb2 a5 11. Nc3 Nd5 12. e4 Nxc3 13. Bxc3 Bg6 14. f4 f5 15. g4 fxe4 16. f5 exf5 17. gxf5 Rxf5 18. Qg4 Nf6 19. Qg3 Rxf1+ 20. Rxf1 Nd5 21. Bb2 a4 22. Ne5 Bh4 23. Qh3 Qg5 24. Nxg6 hxg6 25. Qe6+ Kh7 26. Qxe4 axb3 27. Bc1 Qh5 28. axb3 Ra2 29. Bf3 Qf5 30. Qxh4+ Kg8 31. Qd8+ Kh7 32. Qh4+ Kg8 33. Qd8+ Kh7 34. Bxd5 Qxd5 35. Qxd5 cxd5 36. Bf4 Rb2 37. Be5 Rxb3 38. Rf7 Kh6 39. Rxg7 Kh5 40. Rd7 g5 41. Rxd5 Kg4 42. Bf6 Kf3 43. Rf5+ Ke4 44. Rxg5 Rb1+ 45. Kf2 b5 46. h4 b4 47. Rb5 b3 48. d5 Kf5 49. Bc3 Ke4 50. d6 1-0


[Site "https://www.chess.com"]

[Event "Titled Tuesday Blitz October 5 2021"]
[White "Aldokhin, Ivan"]
[Black "Ertan, Can"]
[WhiteFideId "24115720"]
[BlackFideId "6306330"]
[WhiteElo "2231"]
[BlackElo "2223"]
[Result "0-1"]
[Round "08"]
[TimeControl "180+1"]
[Date "2021.10.05"]
[WhiteClock "0:00:01"]
[BlackClock "0:00:14"]

1. e4 e5 2. Nf3 Nc6 3. Bb5 a6 4. Ba4 Nf6 5. O-O Be7 6. Re1 b5 7. Bb3 O-O 8. d4 exd4 9. e5 Ne8 10. Bd5 Rb8 11. c3 dxc3 12. Nxc3 Bb7 13. Bf4 Na5 14. Bxb7 Rxb7 15. Nd4 Bg5 16. Bg3 Nc4 17. Qf3 Rb6 18. Nf5 g6 19. h4 Bd2 20. Nd5 gxf5 21. Re2 Rg6 22. b3 c6 23. bxc4 cxd5 24. Rxd2 dxc4 25. Qxf5 Ng7 26. Qf3 f6 27. Rad1 fxe5 28. Qe4 d6 29. Kh2 Nf5 30. Qb7 Nxh4 0-1


[Site "https://www.chess.com"]

[Event "Titled Tuesday Blitz October 5 2021"]
[White "Al-Tarboush, Ward"]
[Black "Avila Pavas, Santiago"]
[WhiteFideId "7601450"]
[BlackFideId "4437128"]
[WhiteElo "2296"]
[BlackElo "2292"]
[Result "0-1"]
[Round "08"]
[TimeControl "180+1"]
[Date "2021.10.05"]
[WhiteClock "0:00:02"]
[BlackClock "0:00:02"]

1. e4 Nf6 2. e5 Nd5 3. d4 d6 4. Nf3 g6 5. Be2 Bg7 6. O-O O-O 7. c4 Nb6 8. exd6 cxd6 9. Nc3 Bg4 10. Be3 Nc6 11. b3 d5 12. h3 Bxf3 13. Bxf3 dxc4 14. Ne2 e5 15. d5 Ne7 16. Bxb6 axb6 17. bxc4 e4 18. Bxe4 Bxa1 19. Qxa1 b5 20. c5 Nxd5 21. Rd1 Qe7 22. Qd4 Nf6 23. Bf3 Rfd8 24. Qa1 Rxd1+ 25. Qxd1 Qxc5 26. Qd2 Qa3 27. Qd4 Qe7 28. Qb2 Qe6 29. Nf4 Rxa2 30. Qd4 Qe7 31. g4 Ra4 32. Qd2 Qb4 33. Qd8+ Kg7 34. Ne2 Qf8 35. Qd2 Qa3 36. Kg2 Qc5 37. g5 Ne4 38. Bxe4 Rxe4 39. Ng3 Rd4 40. Qe3 Qd5+ 41. Kh2 b4 42. h4 b3 43. h5 Rh4+ 44. Kg1 b2 45. Qc3+ Kf8 46. Qxb2 Qxg5 47. Qh8+ Ke7 48. Qb2 Rxh5 49. Qxb7+ Kf8 50. Qb8+ Kg7 51. Qb2+ Kh6 52. Qh8 Qc1+ 53. Kg2 Qc6+ 54. Kg1 Re5 55. Qxe5 Qc1+ 56. Kg2 Qg5 57. Qh8 Qe7 58. Qd4 f5 59. Qf4+ Kg7 60. Qf3 Qe5 61. Qb7+ Kh6 62. Qb4 Kg5 63. Qb3 h5 64. Qf3 h4 65. Nf1 Qf4 66. Nh2 Qxf3+ 67. Nxf3+ Kg4 68. Nh2+ Kf4 69. Kh3 g5 70. Kg2 g4 71. Nf1 h3+ 72. Kg1 Kf3 73. Nh2+ Ke2 74. Nf1 f4 75. Nh2 g3 76. Ng4 h2+ 77. Kg2 f3+ 78. Kh1 gxf2 79. Nxh2 f1=Q+ 0-1


[Site "https://www.chess.com"]

[Event "Titled Tuesday Blitz October 5 2021"]
[White "Ansh M Shah"]
[Black "Novik, Maxim"]
[WhiteFideId "25033379"]
[BlackFideId "4102924"]
[WhiteElo "1819"]
[BlackElo "2316"]
[Result "0-1"]
[Round "08"]
[TimeControl "180+1"]
[Date "2021.10.05"]
[WhiteClock "0:00:26"]
[BlackClock "0:00:34"]

1. d4 Nf6 2. c4 g6 3. Nc3 d5 4. Nf3 Bg7 5. e3 O-O 6. Bd3 c5 7. O-O cxd4 8. exd4 Nc6 9. Be3 Bg4 10. h3 Bxf3 11. Qxf3 dxc4 12. Bxc4 Nxd4 13. Qxb7 Nc2 14. Rad1 Qc8 15. Ba6 Nxe3 16. fxe3 Qc5 17. Rd3 Rab8 18. Qf3 Qb6 19. Bb5 a6 20. Bc4 Qxb2 21. Bxa6 Rfd8 22. Ne4 Rxd3 23. Bxd3 Qxa2 24. Nxf6+ Bxf6 25. Be4 Kg7 26. Bd5 Qd2 27. e4 Rb2 28. e5 Qd4+ 29. Kh1 Qxe5 30. Be4 h5 31. Bd5 e6 32. Be4 Rb4 33. Bc2 Rd4 34. Bb3 Rd7 35. Ba4 Rc7 36. Bb3 Rc3 37. Qb7 Qe2 38. Rg1 Be5 39. Bxe6 Qf2 40. Qe4 Qg3 0-1


[Site "https://www.chess.com"]

[Event "Titled Tuesday Blitz October 5 2021"]
[White "Arabidze, Meri"]
[Black "Silich, Yahor"]
[WhiteFideId "13604040"]
[BlackFideId "13513656"]
[WhiteElo "2432"]
[BlackElo "2070"]
[Result "1-0"]
[Round "08"]
[TimeControl "180+1"]
[Date "2021.10.05"]
[WhiteClock "0:02:23"]
[BlackClock "0:01:51"]

1. Nf3 Nf6 2. g3 g6 3. Bg2 Bg7 4. O-O O-O 5. d4 d6 6. a4 Nbd7 7. a5 a6 8. Nc3 e5 9. e4 c6 10. h3 Re8 11. Re1 Qc7 12. Be3 exd4 13. Bxd4 c5 14. Nd5 Nxd5 15. Bxg7 Kxg7 16. Qxd5 Nf6 17. Qd3 Rxe4 18. Rxe4 Bf5 19. Nh4 Bxe4 20. Bxe4 c4 21. Qd4 d5 22. Bg2 1-0


[Site "https://www.chess.com"]

[Event "Titled Tuesday Blitz October 5 2021"]
[White "Aradhya, Garg"]
[Black "Timmermans, Mark"]
[WhiteFideId "25006746"]
[BlackFideId "1026399"]
[WhiteElo "2146"]
[BlackElo "2460"]
[Result "0-1"]
[Round "08"]
[TimeControl "180+1"]
[Date "2021.10.05"]
[WhiteClock "0:00:02"]
[BlackClock "0:00:47"]

1. d4 Nf6 2. c4 e6 3. Nf3 d5 4. Nc3 dxc4 5. e4 b5 6. e5 Nd5 7. Nxb5 Nb6 8. a4 Nc6 9. Be2 a5 10. O-O Ba6 11. Be3 Rb8 12. Qc1 Nb4 13. Nd2 c6 14. Na3 Nd3 15. Bxd3 cxd3 16. Qxc6+ Qd7 17. Qf3 Bb4 18. Qg4 O-O 19. Ne4 Kh8 20. b3 Nd5 21. Rfd1 f5 22. exf6 gxf6 23. Qh4 Nxe3 24. fxe3 f5 25. Nf2 d2 26. Nb1 Be2 27. Rxd2 Bxd2 28. Nxd2 e5 29. Re1 Ba6 30. Nf3 exd4 31. Nxd4 f4 32. Ne4 Rbe8 33. Nc5 Qd6 34. Nxa6 Qxa6 35. e4 Qb6 36. Qf2 Rd8 37. Rd1 Rfe8 38. Kh1 Rxe4 39. Qh4 Rexd4 40. Re1 Rd1 41. h3 Rxe1+ 42. Qxe1 Qe3 43. Qa1+ Qd4 44. Qa2 f3 45. gxf3 Qd1+ 46. Kh2 Rd2+ 0-1


[Site "https://www.chess.com"]

[Event "Titled Tuesday Blitz October 5 2021"]
[White "Avramidou, Anastasia"]
[Black "Krivonosov, Oleg"]
[WhiteFideId "4239873"]
[BlackFideId "11600349"]
[WhiteElo "2183"]
[BlackElo "2469"]
[Result "1-0"]
[Round "08"]
[TimeControl "180+1"]
[Date "2021.10.05"]
[WhiteClock "0:00:13"]
[BlackClock "0:00:22"]

1. Nf3 d5 2. d4 Nf6 3. c4 e6 4. Nc3 Be7 5. Bg5 h6 6. Bxf6 Bxf6 7. e3 O-O 8. h3 c5 9. cxd5 cxd4 10. Nxd4 exd5 11. Be2 Nc6 12. Nxc6 bxc6 13. O-O Bxc3 14. bxc3 Be6 15. Qd4 Qa5 16. c4 c5 17. Qf4 Rfd8 18. cxd5 Bxd5 19. Rfc1 Rac8 20. Bc4 Bxc4 21. Rxc4 Rd2 22. a4 Qc7 23. Qxc7 Rxc7 24. Rac1 Ra2 25. e4 g6 26. g3 Rd7 27. R1c2 Rxc2 28. Rxc2 Rd4 29. Rxc5 Rxa4 30. e5 Ra3 31. Kg2 h5 32. f4 Kf8 33. Rc7 Ke8 34. Kf2 a5 35. Ra7 a4 36. g4 h4 37. f5 gxf5 38. gxf5 Ra1 39. Kf3 a3 40. Kg4 a2 41. Kxh4 Rf1 42. Rxa2 Rxf5 43. Re2 Ke7 44. Kg4 Ke6 45. h4 Rf1 46. h5 Rg1+ 47. Kh4 Rh1+ 48. Kg5 Rg1+ 49. Kh6 Rg3 50. Kh7 Rg1 51. h6 Rg3 52. Kh8 Rg6 53. h7 Rg5 54. Rf2 Rg1 55. Rf6+ Ke7 56. Ra6 Rg2 57. Ra7+ Ke6 58. Ra8 Kxe5 59. Rg8 Rh2 60. Kg7 f5 61. h8=Q Rxh8 62. Rxh8 f4 63. Rf8 Ke4 64. Kg6 f3 65. Kg5 Ke3 66. Kg4 f2 67. Kg3 1-0


[Site "https://www.chess.com"]